 Dungeon Sprint DCSS version 0.19.1 (webtiles) character file.

1759 dvd the Blocker (level 8, -8/85 HPs)
             Began as a Minotaur Fighter on Dec 22, 2016.
             Was a Believer of Okawaru.
             Shot with an arrow by a centaur warrior (26 damage)
             ... in the Dungeon (Sprint II: "The Violet Keep of Menkaure").
             The game lasted 00:04:07 (571 turns).

dvd the Blocker (Minotaur Fighter)                   Turns: 571, Time: 00:04:08

Health: -8/85      AC:  0    Str: 17    XL:     8   Next: 79%
Magic:  7/7        EV: 14    Int:  5    God:    Okawaru [**....]
Gold:   93         SH:  5    Dex: 13    Spells: 0 memorised, 7 levels left

rFire  + + .     SeeInvis .     (weapon currently unavailable)
rCold  . . .     Gourm    .     (armour currently unavailable)
rNeg   . . .     Faith    .     (shield currently unavailable)
rPois  .         Spirit   .     (helmet currently unavailable)
rElec  +         Reflect  +     (cloak currently unavailable)
rCorr  .         Harm     .     (gloves currently unavailable)
MR     .....     NoTele   +     (boots currently unavailable)
Stlth  +.........               g - amulet of Sin {Reflect rElec rF++ Str-3 Slay+3 SH+5}
                                (ring currently unavailable)
                                (ring currently unavailable)

@: pig-form, very quick
A: (retaliatory headbutt), (horns 0)
a: Heroism, Renounce Religion


You were in the Dungeon.
You worshipped Okawaru.
Okawaru was pleased with you.
You were not hungry.
You were a filthy swine.
You visited 1 branch You collected 972 gold pieces.
You spent 879 gold pieces at shops.

Inventory:

Hand Weapons
 a - a +0 war axe (melded)
Armour
 b - a +0 scale mail (melded)
 c - a +0 shield (melded)
Jewellery
 g - the amulet of Sin (around neck) {Reflect rElec rF++ Str-3 Slay+3 SH+5}
   (You bought it in a shop in the Dungeon)

   [amulet of reflection]

   It shields you and reflects attacks.
   It affects your strength (-3).
   It affects your accuracy and damage with ranged weapons and melee attacks
   (+3).
   It greatly protects you from fire.
   It insulates you from electricity.
   It affects your SH (+5).
Scrolls
 k - a scroll of blinking
Potions
 h - a potion of haste
 i - 2 potions of magic
Comestibles
 d - 4 chunks of flesh
 f - a bread ration


   Skills:
 + Level 12.5 Fighting
 + Level 11.3 Axes
 + Level 11.6 Armour
 + Level 1.5 Dodging
 + Level 0.1 Stealth
 + Level 12.5 Shields


You had 7 spell levels left.
You didn't know any spells.

Dungeon Overview and Level Annotations

Branches:
Dungeon (1/1)

Altars:
Cheibriados
Dithmenos
Elyvilon
Fedhas
Gozag
Hepliaklqana
Kikubaaqudgha
Makhleb
Nemelex Xobeh
Okawaru
Qazlal
Ru
Sif Muna
Trog
Uskayaw
Vehumet
Xom
Yredelemnul
Zin
The Shining One
Beogh
Jiyva
Lugonu

Shops:
D }?:!(=?=:=[[:!%[

Annotations:
D exclusion: oklob plant, Kirke


Innate Abilities, Weirdness & Mutations

((You reflexively headbutt those who attack you in melee.))
((You have a pair of horns on your head.))


Message History

* * * LOW HITPOINT WARNING * * *
Okay, then.
Unknown command.
* * * LOW HITPOINT WARNING * * *
You feel sick.
Unknown command.
You feel better. The centaur warrior hits you.
* * * LOW HITPOINT WARNING * * *
The obsidian statue slips into the dungeon's darkness for a moment.
Unknown command.
You hit something.
You hear some strange, mumbled words.
You turn into a filthy swine.
Your +0 war axe melds into your body.
Your +0 shield melds into your body.
Your +0 scale mail melds into your body.
There is an open door, spattered with blood here.
You close the door.
A centaur warrior opens the door.
The centaur warrior wields a longbow.
The centaur warrior shoots an arrow.
The arrow hits you!!
You die...

Kc.≈##≈§≈§≈≈
##########≈≈#'5§#+++##
#########≈≈≈YzKc4....#
∩.......#≈≈≈≈5##{##..#
.∩.....∩#≈≈≈≈##.#.##.#### .###
∩.∩...∩.#≈≈≈≈#.###.# ...# ...#
.∩.∩.∩.∩#≈≈####.#c####..## #..#
..∩.∩.∩.#≈##.###{###.##..# +..#
...∩.∩..#≈#...##h##...#..# #..#
....⌠...'≈'.##'.<.+)#.'..####..##
........#≈#...##.##...#....###...
▓▓▓▓▓▓###≈##.###'###.##......≈≈≈≈
$$J######≈≈### #..####≈≈.....≈#'#
?.a#( ##≈≈≈ ##..#≈≈≈≈≈≈§..≈#..
∩P[+ +#≈ #.##≈≈≈≈≈≈§≈.≈#.. )$. ≈≈
+##≈≈≈§§§§≈≈≈≈#._ ≈≈
≈≈≈≈≈≈§§§≈≈§≈#_.


You could see a centaur warrior.

Vanquished Creatures
  A yaktaur captain (D)
  A siren (D)
  2 hippogriffs (D)
  Menkaure (D)
  4 necrophages (D)
  A crocodile (D)
  2 worms (D)
12 creatures vanquished.

Vanquished Creatures (others)
  A kobold demonologist (D)
  A crocodile (D)
2 creatures vanquished.

Grand Total: 14 creatures vanquished

Notes
Turn   | Place    | Note
-------+----------+-------------------------------------------
     0 | D        | dvd the Minotaur Fighter began the quest for the Orb.
     0 | D        | Reached XP level 1. HP: 19/19 MP: 0/0
     1 | D        | Noticed a necrophage
     1 | D        | Noticed a necrophage
     1 | D        | Noticed a necrophage
     1 | D        | Noticed a necrophage
     6 | D        | Killed a necrophage
     6 | D        | Reached XP level 2. HP: 31/31 MP: 1/1
     6 | D        | Reached XP level 3. HP: 38/38 MP: 2/2
     6 | D        | Reached XP level 4. HP: 45/45 MP: 3/3
     8 | D        | Killed a necrophage
     8 | D        | Reached XP level 5. HP: 52/52 MP: 4/4
    11 | D        | Killed a necrophage
    11 | D        | Reached skill level 5 in Axes
    15 | D        | Killed a necrophage
    15 | D        | Reached XP level 6. HP: 63/63 MP: 5/5
    50 | D        | Noticed a siren
    50 | D        | Noticed Menkaure
    56 | D        | Killed Menkaure
    60 | D        | Killed a siren
    60 | D        | Reached skill level 10 in Fighting
    60 | D        | Reached skill level 10 in Armour
    60 | D        | Reached skill level 10 in Shields
    60 | D        | Reached XP level 7. HP: 25/73 MP: 6/6
    67 | D        | Found a shimmering altar of Xom.
    68 | D        | Found a basalt altar of Yredelemnul.
    68 | D        | Found a sacrificial altar of Ru.
    69 | D        | Found a glowing silver altar of Zin.
    69 | D        | Found a deep blue altar of Sif Muna.
    69 | D        | Found a stormy altar of Qazlal.
    69 | D        | Found a viscous altar of Jiyva.
    70 | D        | Found a glowing golden altar of the Shining One.
    70 | D        | Found a bloodstained altar of Trog.
    70 | D        | Found an ancient bone altar of Kikubaaqudgha.
    71 | D        | Found a hide-covered altar of Uskayaw.
    71 | D        | Found a corrupted altar of Lugonu.
    71 | D        | Found a shadowy altar of Dithmenos.
    71 | D        | Found a hazy altar of Hepliaklqana.
    71 | D        | Found a snail-covered altar of Cheibriados.
    72 | D        | Found a radiant altar of Vehumet.
    72 | D        | Found a burning altar of Makhleb.
    72 | D        | Found a white marble altar of Elyvilon.
    73 | D        | Found a sparkling altar of Nemelex Xobeh.
    73 | D        | Found a blossoming altar of Fedhas.
    75 | D        | Found an iron altar of Okawaru.
    75 | D        | Found an opulent altar of Gozag.
    76 | D        | Found a roughly hewn altar of Beogh.
    85 | D        | Became a worshipper of Warmaster Okawaru
   297 | D        | Noticed a hippogriff
   297 | D        | Noticed a hippogriff
   305 | D        | Killed a hippogriff
   314 | D        | Killed a hippogriff
   489 | D        | Found Iluumon's Antique Armour Shop.
   489 | D        | Found Coraajar's Book Boutique.
   489 | D        | Found Baycebio's Distillery.
   489 | D        | Found Keppenam's Jewellery Boutique.
   489 | D        | Found Suyxeng's Antique Armour Shop.
   489 | D        | Found Paukiar's Antique Armour Boutique.
   489 | D        | Found Ocvyamnu's Jewellery Shop.
   489 | D        | Found Mestru's Book Boutique.
   489 | D        | Found Ziex's Food Boutique.
   490 | D        | Found Xeron's Magic Scroll Shop.
   490 | D        | Found Rexuz's Jewellery Boutique.
   490 | D        | Noticed a slime creature
   491 | D        | Noticed a slime creature
   492 | D        | Found Jyalec's Antique Weapon Boutique.
   492 | D        | Found Awiosevo's Distillery.
   492 | D        | Noticed a slime creature
   492 | D        | Noticed an oklob plant
   493 | D        | Found Weetwuojai's Magic Scroll Shop.
   493 | D        | Found Oveups's Gadget Boutique.
   493 | D        | Found Epeusuch's Book Shoppe.
   502 | D        | Reached XP level 8. HP: 83/83 MP: 7/7
   531 | D        | Bought the amulet of Sin {Reflect rElec rF++ Str-3 Slay+3 SH+5} for 879 gold pieces
   544 | D        | Noticed a centaur warrior
   544 | D        | Noticed Kirke
   544 | D        | Noticed a yaktaur captain
   545 | D        | Noticed a kobold demonologist
   546 | D        | Noticed an obsidian statue
   557 | D        | Noticed a skeletal warrior
   560 | D        | Noticed an elephant
   560 | D        | Killed a yaktaur captain
   560 | D        | Reached * piety under Okawaru
   560 | D        | Reached ** piety under Okawaru
   560 | D        | Reached skill level 1 in Dodging
   563 | D        | Noticed a hellwing
   569 | D        | Killed a kobold demonologist
   571 | D        | Shot with an arrow by a centaur warrior

Skill      XL: |  1  2  3  4  5  6  7  8 |
---------------+-------------------------+-----
Fighting       | 6 7 9 10 11 12 | 12.5
Axes           | 3 4 6 7 9 11 | 11.3
Armour         | 6 7 9 10 11 | 11.6
Shields        | 6 7 9 10 11 12 | 12.5
Dodging        | 1 |  1.5
Stealth        | |  0.1

Action                   |  1- 3 |  4- 6 |  7- 9 || total
-------------------------+-------+-------+-------++-------
Melee: War axe           |     3 |    15 |    32 ||    50
       Headbutt          |       |     4 |    10 ||    14
  Use: Potion            |     1 |     2 |     1 ||     4
Armor: Scale mail        |       |     1 |    14 ||    15
Dodge: Dodged            |       |     2 |    11 ||    13
Block: Shield            |     2 |     4 |    34 ||    40
       Reflection        |       |       |     1 ||     1
